 Dungeon Crawl Stone Soup version 0.23.2-33-g5129a83184 (webtiles) character file.

Game seed: 8416974816956452241

69 teukkam the Skirmisher (level 4, -3/40 HPs)
             Began as a Minotaur Fighter on July 13, 2019.
             Slain by Sigmund
             ... wielding a +3 scythe of venom
              (4 damage)
             ... on level 2 of the Dungeon.
             The game lasted 00:03:10 (599 turns).

teukkam the Skirmisher (Minotaur Fighter)            Turns: 599, Time: 00:03:10

Health: -3/40      AC:  8    Str: 26    XL:     4   Next: 2%
Magic:  3/3        EV:  7    Int:  5    God:
Gold:   30         SH: 10    Dex: 10    Spells: 3/3 levels left

rFire    . . .     SeeInvis .   a - +0 war axe
rCold    . . .     Gourm    .   c - +0 shield
rNeg     . . .     Faith    .   j - +1 scale mail {rPois}
rPois    +         Spirit   .   (helmet restricted)
rElec    .         Reflect  .   (no cloak)
rCorr    .         Harm     .   (no gloves)
MR       .....                  (no boots)
Stlth    ..........             (no amulet)
HPRegen  0.13/turn              (no ring)
MPRegen  0.08/turn              (no ring)

@: mighty, lethally poisoned (-3 -> -6)
A: retaliatory headbutt, horns 2
a: no special abilities


You were on level 2 of the Dungeon.
You were not hungry.

You visited 1 branch of the dungeon, and saw 4 of its levels.

You collected 30 gold pieces.

Inventory:

Hand Weapons
 a - a +0 war axe (weapon)
 b - a +0 hunting sling
Missiles
 k - 58 stones
 n - a throwing net (quivered)
Armour
 c - a +0 shield (worn)
 i - a +0 scale mail
 j - a +1 scale mail of poison resistance (worn)
Scrolls
 e - 2 scrolls of enchant armour {unknown}
 m - a scroll of blinking {unknown}
 o - a scroll of teleportation {unknown}
Potions
 h - a potion of brilliance {unknown}
 l - a potion of invisibility {unknown}
Comestibles
 f - a ration
 g - a chunk of flesh


   Skills:
 + Level 4.2 Fighting
 + Level 3.2 Axes
 + Level 1.3 Slings
 + Level 4.2 Armour
 + Level 4.2 Shields


You had 3 spell levels left.
You didn't know any spells.
Your spell library was empty.

Dungeon Overview and Level Annotations

Branches:
Dungeon (4/15)
 Temple: D:4-7

Altars:

Annotations:
D:2 Sigmund


Innate Abilities, Weirdness & Mutations

You reflexively headbutt those who attack you in melee.
You have a pair of horns on your head.


Message History

Natasha is almost dead.
You hit the crimson imp.
You feel sick.
The crimson imp lashes its tail.
The crimson imp barely misses you. Something hits you.
Natasha barely misses you. You furiously retaliate!
You headbutt Natasha!
You kill Natasha!
Natasha growls in agony!
The crimson imp disappears in a puff of smoke!
The white imp disappears in a puff of smoke!
You have reached level 4!
You feel agile.
You feel sick. Something hits you.
You see here the felid corpse of Natasha.
Your shield prevents you from hitting something.
Your headbutt misses something. Something hits you!
* * * LOW HITPOINT WARNING * * *
You closely miss something. Your headbutt misses something.
* * * LOW HITPOINT WARNING * * *
You feel sick. Something hits you.
You die...

#................####.##...#
#.#.#####...##.............#
..................###.##.#.#
#.#.#####...##...#.##.##.#.#
rl..........##...#.##.##.#.#
#S#.#####...##...#.##.##.#.#
#.#... ..............#.#.#
.<#.### ..###.)#.#......
#.#.# . #†@#.#.###.# #.#.#
#.{#.# # #.#.# #..#.# #.#.#
...... ... #...#.# ...
#...#.# ... #.... ....#


There were no monsters in sight!

Vanquished Creatures
  Natasha (D:2)
  3 adders (D:2)
  A worm (D:3)
  2 giant cockroaches (D:1)
  2 goblins
  A hobgoblin (D:3)
  2 bats (D:1)
  A frilled lizard (D:2)
  2 kobolds
  4 rats
19 creatures vanquished.

Notes
Turn   | Place    | Note
-------+----------+-------------------------------------------
     0 | D:1      | teukkam the Minotaur Fighter began the quest for the Orb.
     0 | D:1      | Reached XP level 1. HP: 19/19 MP: 0/0
   324 | D:3      | Reached XP level 2. HP: 27/27 MP: 1/1
   499 | D:2      | Reached XP level 3. HP: 27/33 MP: 2/2
   587 | D:2      | Noticed Natasha
   588 | D:2      | Noticed Sigmund
   595 | D:2      | Reached skill level 1 in Slings
   596 | D:2      | Killed Natasha
   596 | D:2      | Reached XP level 4. HP: 16/40 MP: 3/3
   598 | D:2      | HP: 2/40 [something (12)]
   599 | D:2      | Slain by Sigmund

Skill      XL: |  1  2  3 |
---------------+----------+-----
Fighting       | 4 |  4.2
Axes           | 3 |  3.2
Armour         | 4 |  4.2
Shields        | 4 |  4.2
Slings         | 1 |  1.3

Action                   |  1- 3 |  4- 6 || total
-------------------------+-------+-------++-------
Melee: War axe           |    53 |     2 ||    55
       Headbutt          |     6 |       ||     6
Throw: Stone             |     2 |       ||     2
       Throwing net      |     1 |       ||     1
  Use: Potion            |     1 |       ||     1
Armor: Scale mail        |    25 |       ||    25
Dodge: Dodged            |    19 |       ||    19
Block: Shield            |    32 |       ||    32
